[Event "FIDE WSTC Open 50 2025"]
[Site "Prague"]
[Date "2025.02.20"]
[Round "4.7"]
[White "Olafsson, Helgi"]
[Black "Temirbayev, Serikbay"]
[Result "0-1"]
[Annotator "RC"]
[ECO "E97"]
[WhiteElo "2466"]
[BlackElo "2372"]
[PlyCount "74"]
[EventDate "2025.02.17"]
[EventType "team-tourn"]
[EventCountry "CZE"]
[SourceTitle "playchess.com"]
[Source "ChessBase"]
[SourceQuality "1"]
[TimeControl "40/5400+30:1800+30"]

1. d4 Nf6 2. c4 g6 3. Nc3 Bg7 4. e4 d6 5. Be2 O-O 6. Nf3 e5 7. O-O Nc6 8. d5 Ne7 9. b4 a5 10. bxa5 c5 11. a4 Rxa5 12. Bd2 Ra6 13. Rb1 Ne8 14. g3 h6 15. Nh4 f5 16. exf5 gxf5 17. f4 e4 18. Kh1 Nf6 19. Nb5 Kh7 20. h3 Ng6 21. Ng2 Ne8 22. g4 Nh4 23. Nxh4 Qxh4 24. Kg2 Rg8 25. Be1 Qe7 26. Bg3 Bf6 27. Kh1 Kh8 28. Bh2 Bh4 29. Rg1 Bf2 30. Rg2 e3 31. Nc3 Qh4 32. gxf5 Rxg2 33. Kxg2 b6 34. Bg4 h5 35. Bxh5 Bxf5 36. Bxe8 Qxh3+ 37. Kh1 Bg4 0-1

[Event "FIDE WSTC Open 50 2025"]
[Site "Prague"]
[Date "2025.02.20"]
[Round "4.8"]
[White "Min, Valeriy"]
[Black "Arnason, Jon L"]
[Result "0-1"]
[Annotator "RC"]
[ECO "A09"]
[WhiteElo "2273"]
[BlackElo "2405"]
[PlyCount "74"]
[EventDate "2025.02.17"]
[EventType "team-tourn"]
[EventCountry "CZE"]
[SourceTitle "playchess.com"]
[Source "ChessBase"]
[SourceQuality "1"]
[TimeControl "40/5400+30:1800+30"]

1. Nf3 d5 2. c4 dxc4 3. Qa4+ Nd7 4. Qxc4 Ngf6 5. g3 e6 6. Bg2 c5 7. O-O a6 8. a4 b5 9. Qc2 Bb7 10. d3 Be7 11. Nc3 Bc6 12. Nd2 Bxg2 13. Kxg2 O-O 14. Nf3 Qb6 15. Qb3 Rab8 16. Bf4 Rb7 17. axb5 axb5 18. e4 Qc6 19. Rfc1 Rc8 20. Qd1 h6 21. h4 Rb6 22. Ra7 Ra6 23. Ra1 Rxa7 24. Rxa7 Bd8 25. Qb3 Bb6 26. Ra6 c4 27. Qxb5 Qxb5 28. Nxb5 cxd3 29. Nd6 Rc2 30. Bd2 g5 31. hxg5 hxg5 32. Be1 Bxf2 33. Bxf2 Ng4 34. Nxg5 Rxf2+ 35. Kg1 d2 36. Ra1 Nde5 37. b3 f6 0-1

[Event "FIDE WSTC Open 50 2025"]
[Site "Prague"]
[Date "2025.02.20"]
[Round "4.9"]
[White "Ftacnik, Lubomir"]
[Black "Ehlvest, Jaan"]
[Result "1/2-1/2"]
[Annotator "RC"]
[ECO "E94"]
[WhiteElo "2438"]
[BlackElo "2531"]
[PlyCount "56"]
[EventDate "2025.02.17"]
[EventType "team-tourn"]
[EventCountry "CZE"]
[SourceTitle "playchess.com"]
[Source "ChessBase"]
[SourceQuality "1"]
[TimeControl "40/5400+30:1800+30"]

1. Nf3 Nf6 2. c4 g6 3. Nc3 Bg7 4. e4 d6 5. d4 O-O 6. Be2 e5 7. O-O Bg4 8. d5 a5 9. Be3 Na6 10. Ne1 Bd7 11. Nd3 b6 12. Qd2 Nc5 13. Nxc5 bxc5 14. Bh6 a4 15. Bxg7 Kxg7 16. f4 exf4 17. Rxf4 Qe7 18. Raf1 Ng8 19. Bg4 Bxg4 20. Rxg4 Nf6 21. Rgf4 Nd7 22. Nb5 Ne5 23. Qc3 Kg8 24. h3 Qd7 25. R4f2 Rfe8 26. Kh2 Re7 27. Kg1 h5 28. Kh1 Kh7 1/2-1/2

[Event "FIDE WSTC Open 50 2025"]
[Site "Prague"]
[Date "2025.02.20"]
[Round "4.10"]
[White "Kaidanov, Gregory"]
[Black "Mrva, Martin"]
[Result "1-0"]
[Annotator "RC"]
[ECO "C50"]
[WhiteElo "2513"]
[BlackElo "2394"]
[PlyCount "124"]
[EventDate "2025.02.17"]
[EventType "team-tourn"]
[EventCountry "CZE"]
[SourceTitle "playchess.com"]
[Source "ChessBase"]
[SourceQuality "1"]
[TimeControl "40/5400+30:1800+30"]

1. e4 e5 2. Nf3 Nc6 3. Bc4 Nf6 4. d3 Bc5 5. c3 d6 6. Bg5 h6 7. Bh4 a5 8. Nbd2 Qe7 9. O-O Ba7 10. Re1 g5 11. Bg3 Nh7 12. d4 Nf8 13. Bb5 Ng6 14. d5 Bd7 15. dxc6 bxc6 16. Ba4 g4 17. Nc4 gxf3 18. Qxf3 h5 19. h3 Nh4 20. Bxh4 Qxh4 21. Ne3 Rb8 22. Rab1 Rg8 23. Kf1 Rg6 24. Nf5 Qf4 25. Qxf4 exf4 26. Nh4 Rg5 27. Nf3 Rg7 28. Nh4 Kf8 29. b3 Re8 30. Rbd1 Re5 31. Nf3 Re6 32. Rd3 Reg6 33. Nh4 Rg5 34. Rf3 Rc5 35. Rd1 Ke7 36. Rdd3 Kf6 37. Rxf4+ Kg5 38. Rdf3 Rxc3 39. Rxc3 Kxf4 40. Bxc6 Be6 41. Nf3 h4 42. Nxh4 Ke5 43. Nf3+ Kf6 44. Bd5 Bc5 45. Bxe6 fxe6 46. g4 a4 47. e5+ Kg6 48. Rc4 a3 49. b4 Bb6 50. Rc6 Rf7 51. Kg2 d5 52. Rxe6+ Kg7 53. g5 Rf4 54. h4 Rxb4 55. h5 Bc5 56. Rc6 Bb6 57. h6+ Kh7 58. Rf6 Bc5 59. Rf7+ Kg8 60. Rg7+ Kh8 61. Rxc7 Bf8 62. Rc8 Kg8 1-0

[Event "FIDE WSTC Open 50 2025"]
[Site "Prague"]
[Date "2025.02.20"]
[Round "4.11"]
[White "Stohl, Igor"]
[Black "Shabalov, Alexander"]
[Result "1/2-1/2"]
[Annotator "RC"]
[ECO "D76"]
[WhiteElo "2409"]
[BlackElo "2471"]
[PlyCount "58"]
[EventDate "2025.02.17"]
[EventType "team-tourn"]
[EventCountry "CZE"]
[SourceTitle "playchess.com"]
[Source "ChessBase"]
[SourceQuality "1"]
[TimeControl "40/5400+30:1800+30"]

1. Nf3 Nf6 2. c4 g6 3. g3 Bg7 4. Bg2 O-O 5. O-O d5 6. cxd5 Nxd5 7. d4 Nb6 8. Nc3 Nc6 9. e3 a5 10. d5 Nb4 11. e4 f5 12. Nh4 fxe4 13. Bxe4 Bh3 14. Re1 c6 15. dxc6 Qxd1 16. Rxd1 bxc6 17. Bg5 e6 18. Rac1 N6d5 19. Na4 Nxa2 20. Rxc6 Nab4 21. Rcc1 Rab8 22. Bg2 Bxg2 23. Nxg2 Rbc8 24. Rxc8 Rxc8 25. Rc1 Rxc1+ 26. Bxc1 Nd3 27. Bd2 N5b4 28. b3 Nc6 29. Ne1 Nxe1 1/2-1/2

[Event "FIDE WSTC Open 50 2025"]
[Site "Prague"]
[Date "2025.02.20"]
[Round "4.12"]
[White "Rachels, Stuart"]
[Black "Lipka, Juraj"]
[Result "1-0"]
[Annotator "RC"]
[ECO "C09"]
[WhiteElo "2466"]
[BlackElo "2348"]
[PlyCount "139"]
[EventDate "2025.02.17"]
[EventType "team-tourn"]
[EventCountry "CZE"]
[SourceTitle "playchess.com"]
[Source "ChessBase"]
[SourceQuality "1"]
[TimeControl "40/5400+30:1800+30"]

1. e4 e6 2. d4 d5 3. Nd2 c5 4. exd5 exd5 5. Ngf3 Nc6 6. Bb5 Qe7+ 7. Be2 Qc7 8. O-O Nf6 9. dxc5 Bxc5 10. Nb3 Be7 11. Re1 O-O 12. c3 h6 13. Be3 Re8 14. h3 Bf5 15. Nbd4 Bg6 16. Nh4 Bh7 17. Nhf5 Bf8 18. Bd3 Ne4 19. Qg4 Ne5 20. Qf4 g5 21. Qh2 Bxf5 22. Nxf5 Qd7 23. Bxe4 dxe4 24. Ng3 f5 25. Bd4 Bd6 26. h4 g4 27. Qh1 Qf7 28. Bxe5 Bxe5 29. Nf1 h5 30. g3 Rad8 31. Qg2 Rd3 32. Re2 Red8 33. Ne3 Bc7 34. c4 Be5 35. Rb1 R8d4 36. b3 Rd2 37. Rbe1 Rxe2 38. Rxe2 f4 39. gxf4 Qxf4 40. Nf1 Qf3 41. Re3 Bf4 42. Re1 Kf7 43. Nh2 Qxg2+ 44. Kxg2 Bxh2 45. Kxh2 Kf6 46. Kg2 Ke5 47. Re2 Rd3 48. c5 Rc3 49. b4 Rc4 50. Rb2 Kd5 51. Kg3 Rc3+ 52. Kf4 Rf3+ 53. Kg5 g3 54. fxg3 Rxg3+ 55. Kxh5 e3 56. Kh6 Kc4 57. h5 Kc3 58. Rh2 Kd3 59. Kh7 e2 60. Rh1 Kd2 61. h6 Rg4 62. b5 Rg5 63. c6 Rxb5 64. Kg6 Rb6 65. h7 Rxc6+ 66. Kg7 Rc7+ 67. Kg6 Rc8 68. Kg7 e1=Q 69. Rxe1 Kxe1 70. h8=B 1-0

[Event "FIDE WSTC Open 50 2025"]
[Site "Prague"]
[Date "2025.02.20"]
[Round "4.13"]
[White "Svensson, Bengt"]
[Black "Polak, Tomas"]
[Result "0-1"]
[Annotator "RC"]
[ECO "B10"]
[WhiteElo "2297"]
[BlackElo "2463"]
[PlyCount "68"]
[EventDate "2025.02.17"]
[EventType "team-tourn"]
[EventCountry "CZE"]
[SourceTitle "playchess.com"]
[Source "ChessBase"]
[SourceQuality "1"]
[TimeControl "40/5400+30:1800+30"]

1. e4 c6 2. Nf3 d5 3. exd5 cxd5 4. Ne5 Nc6 5. d4 Nf6 6. Bb5 Bd7 7. Nxd7 Qxd7 8. c3 e6 9. O-O Bd6 10. Re1 O-O 11. Nd2 h6 12. Nf3 Ne4 13. c4 a6 14. Ba4 Rad8 15. Ne5 Qc7 16. Bxc6 bxc6 17. Qc2 c5 18. cxd5 exd5 19. Nf3 c4 20. Bd2 Rfe8 21. Bc3 Re6 22. Qa4 Qb8 23. Qa5 Bc7 24. Qa4 Rde8 25. h3 Qc8 26. Rad1 Rg6 27. Kf1 Rf6 28. Re3 Ng3+ 29. Ke1 Rxe3+ 30. fxe3 Ne4 31. Ke2 Rxf3 32. gxf3 Qxh3 33. Rc1 Qg2+ 34. Kd1 Qf1+ 0-1

[Event "FIDE WSTC Open 50 2025"]
[Site "Prague"]
[Date "2025.02.20"]
[Round "4.14"]
[White "Holemar, David"]
[Black "Svenn, Gosta"]
[Result "1-0"]
[Annotator "ChessBase"]
[ECO "A10"]
[WhiteElo "2150"]
[BlackElo "2290"]
[PlyCount "57"]
[EventDate "2025.02.17"]
[EventType "team-tourn"]
[EventCountry "CZE"]
[SourceTitle "playchess.com"]
[Source "ChessBase"]
[SourceQuality "1"]
[TimeControl "40/5400+30:1800+30"]

1. c4 f5 2. Nc3 Nf6 3. e4 e5 4. Nf3 Bc5 5. Nxe5 Nc6 6. Nd3 Bd4 7. exf5 O-O 8. Be2 d6 9. O-O Bxf5 10. Ne1 Qd7 11. Nf3 Rae8 12. Nb5 Bb6 13. d4 Nb4 14. Bg5 Rxe2 15. Qxe2 Bd3 16. Qd2 Bxc4 17. Qxb4 Bxb5 18. Qb3+ Kh8 19. Rfe1 Bc6 20. Bxf6 Rxf6 21. d5 Ba4 22. Qc4 Bb5 23. Qe4 Qf7 24. a4 Bd7 25. a5 Bc5 26. b4 Rf4 27. Qe7 Rxf3 28. gxf3 Qg6+ 29. Kh1 1-0

[Event "FIDE WSTC Open 50 2025"]
[Site "Prague"]
[Date "2025.02.20"]
[Round "4.15"]
[White "Jaderberg, Bjorn"]
[Black "Skacelik, Petr"]
[Result "1/2-1/2"]
[Annotator "ChessBase"]
[ECO "A36"]
[WhiteElo "2134"]
[BlackElo "2132"]
[PlyCount "150"]
[EventDate "2025.02.17"]
[EventType "team-tourn"]
[EventCountry "CZE"]
[SourceTitle "playchess.com"]
[Source "ChessBase"]
[SourceQuality "1"]
[TimeControl "40/5400+30:1800+30"]

1. c4 c5 2. Nc3 Nc6 3. g3 g6 4. Bg2 Bg7 5. e4 d6 6. Nge2 e6 7. d3 Nge7 8. O-O O-O 9. Rb1 Rb8 10. a3 a5 11. Nb5 e5 12. Nec3 Be6 13. Nd5 Nd4 14. Nxd4 exd4 15. b4 Bxd5 16. exd5 axb4 17. axb4 b6 18. Bf4 h6 19. h4 Kh7 20. Re1 Qd7 21. Kh2 Ng8 22. Bh3 Qc7 23. Qa4 Ne7 24. Qd7 Qxd7 25. Bxd7 Be5 26. Bxe5 dxe5 27. Rxe5 Ng8 28. Bc6 Nf6 29. Re7 Kg7 30. b5 Ng4+ 31. Kg2 Kf6 32. Ra7 Ne5 33. Rb3 h5 34. Rba3 Kf5 35. f4 Ng4 36. Kf3 Ne3 37. Re7 Kf6 38. Raa7 Nf5 39. Rec7 Nd6 40. Ra6 Rfd8 41. Raa7 Rf8 42. Kf2 Rfd8 43. Rd7 Kg7 44. Rac7 Kf8 45. Kf3 Kg7 46. Rxd8 Rxd8 47. Bd7 Kf8 48. f5 gxf5 49. Kf4 Ra8 50. Bxf5 Ra3 51. Be4 Ra2 52. Ke5 Nxe4 53. Kxe4 Re2+ 54. Kf4 Re3 55. d6 Ke8 56. Re7+ Rxe7 57. dxe7 Kxe7 58. g4 hxg4 59. Kxg4 Kf6 60. h5 Kg7 61. Kg5 Kh7 62. h6 f5 63. Kxf5 Kxh6 64. Ke5 Kg5 65. Kd5 Kf4 66. Kc6 Ke3 67. Kxb6 Kxd3 68. Kxc5 Kc3 69. b6 d3 70. b7 d2 71. b8=Q d1=Q 72. Qg3+ Kb2 73. Kb4 Qd2+ 74. Kb5 Qd7+ 75. Kc5 Qd8 1/2-1/2

[Event "FIDE WSTC Open 50 2025"]
[Site "Prague"]
[Date "2025.02.20"]
[Round "4.16"]
[White "Vavra, Michal"]
[Black "Wengholm, Anders"]
[Result "0-1"]
[Annotator "ChessBase"]
[ECO "E66"]
[WhiteElo "1986"]
[BlackElo "2132"]
[PlyCount "84"]
[EventDate "2025.02.17"]
[EventType "team-tourn"]
[EventCountry "CZE"]
[SourceTitle "playchess.com"]
[Source "ChessBase"]
[SourceQuality "1"]
[TimeControl "40/5400+30:1800+30"]

1. d4 Nf6 2. Nf3 g6 3. g3 Bg7 4. Bg2 O-O 5. O-O d6 6. c4 c5 7. Nc3 Nc6 8. d5 Na5 9. Nd2 e6 10. Qc2 Re8 11. Re1 exd5 12. Nxd5 Nxd5 13. cxd5 b5 14. Rb1 c4 15. Nf3 Nb7 16. Bg5 Qa5 17. b4 cxb3 18. axb3 Bf5 19. e4 Rac8 20. b4 Rxc2 21. exf5 Rxe1+ 22. Rxe1 Qa1 23. Rxa1 Bxa1 24. fxg6 hxg6 25. Bf1 a6 26. Kg2 Bc3 27. Bd3 Rb2 28. Bc1 Rxb4 29. h4 Bf6 30. h5 gxh5 31. Bf5 Rc4 32. Be3 Kg7 33. Nd2 Ra4 34. Bc8 Nc5 35. Bf4 Be7 36. Nf3 b4 37. Nd4 b3 38. Nf5+ Kf8 39. Bh6+ Ke8 40. Ng7+ Kd8 41. Bf5 b2 42. Be3 Ra1 0-1

[Event "FIDE WSTC Open 50 2025"]
[Site "Prague"]
[Date "2025.02.20"]
[Round "4.17"]
[White "Davies, Nigel R"]
[Black "Haba, Petr"]
[Result "1/2-1/2"]
[Annotator "RC"]
[ECO "D27"]
[WhiteElo "2294"]
[BlackElo "2442"]
[PlyCount "29"]
[EventDate "2025.02.17"]
[EventType "team-tourn"]
[EventCountry "CZE"]
[SourceTitle "playchess.com"]
[Source "ChessBase"]
[SourceQuality "1"]
[TimeControl "40/5400+30:1800+30"]

1. Nf3 d5 2. c4 dxc4 3. e3 Nf6 4. Bxc4 e6 5. d4 c5 6. O-O a6 7. b3 cxd4 8. Nxd4 Bd6 9. Nf3 O-O 10. Bb2 Nc6 11. Nbd2 Qe7 12. Rc1 Rd8 13. Qc2 Bd7 14. Ne4 Nxe4 15. Qxe4 1/2-1/2

[Event "FIDE WSTC Open 50 2025"]
[Site "Prague"]
[Date "2025.02.20"]
[Round "4.18"]
[White "Jirovsky, Milos"]
[Black "Dishman, Stephen"]
[Result "0-1"]
[Annotator "RC"]
[ECO "D02"]
[WhiteElo "2410"]
[BlackElo "2273"]
[PlyCount "60"]
[EventDate "2025.02.17"]
[EventType "team-tourn"]
[EventCountry "CZE"]
[SourceTitle "playchess.com"]
[Source "ChessBase"]
[SourceQuality "1"]
[TimeControl "40/5400+30:1800+30"]

1. Nf3 d5 2. d4 Nf6 3. c4 c6 4. Qb3 e6 5. g3 Be7 6. Bg2 O-O 7. O-O Nbd7 8. Bf4 a5 9. Rc1 Ne4 10. Nfd2 g5 11. Nxe4 gxf4 12. Ned2 Bf6 13. Nf3 fxg3 14. hxg3 b5 15. cxb5 cxb5 16. Nc3 b4 17. Na4 Ba6 18. Bf1 Rc8 19. e3 Bxf1 20. Kxf1 Nb6 21. Nc5 Nc4 22. Rc2 Be7 23. Na4 Qe8 24. Kg2 f6 25. Rh1 Qg6 26. Rcc1 Rc7 27. Nb6 a4 28. Nxa4 Rfc8 29. Rcf1 Bd6 30. Qd1 Nxe3+ 0-1

[Event "FIDE WSTC Open 50 2025"]
[Site "Prague"]
[Date "2025.02.20"]
[Round "4.19"]
[White "Josse, Mark"]
[Black "Zvara, Petr"]
[Result "0-1"]
[Annotator "ChessBase"]
[ECO "A16"]
[WhiteElo "2139"]
[BlackElo "2330"]
[PlyCount "68"]
[EventDate "2025.02.17"]
[EventType "team-tourn"]
[EventCountry "CZE"]
[SourceTitle "playchess.com"]
[Source "ChessBase"]
[SourceQuality "1"]
[TimeControl "40/5400+30:1800+30"]

1. c4 Nf6 2. Nc3 g6 3. e4 d6 4. g3 Bg7 5. Bg2 O-O 6. Nge2 c5 7. O-O Nc6 8. d3 a6 9. h3 Rb8 10. a4 Ne8 11. Be3 Nc7 12. d4 cxd4 13. Nxd4 Bd7 14. Rb1 Nxd4 15. Bxd4 b5 16. cxb5 axb5 17. Bxg7 Kxg7 18. Qd4+ Kg8 19. axb5 Nxb5 20. Nxb5 Rxb5 21. b4 Qb6 22. Qxb6 Rxb6 23. Rfc1 Bc6 24. Rb2 Ra8 25. e5 Bxg2 26. Kxg2 dxe5 27. Re1 Rb5 28. f4 exf4 29. Rxe7 fxg3 30. Kxg3 Ra3+ 31. Kg4 h5+ 32. Kh4 Kg7 33. Rc7 Kh6 34. Rc6 Rd5 0-1

[Event "FIDE WSTC Open 50 2025"]
[Site "Prague"]
[Date "2025.02.20"]
[Round "4.20"]
[White "Trickov, Vasil"]
[Black "McMichael, Richard J"]
[Result "1-0"]
[Annotator "ChessBase"]
[ECO "A40"]
[WhiteElo "2301"]
[BlackElo "2118"]
[PlyCount "137"]
[EventDate "2025.02.17"]
[EventType "team-tourn"]
[EventCountry "CZE"]
[SourceTitle "playchess.com"]
[Source "ChessBase"]
[SourceQuality "1"]
[TimeControl "40/5400+30:1800+30"]

1. d4 e6 2. g3 f5 3. Bg2 Nf6 4. c4 d5 5. Nf3 c6 6. O-O Bd6 7. b3 Qe7 8. a4 O-O 9. Ba3 Ne4 10. e3 Bd7 11. Bxd6 Nxd6 12. Nbd2 Be8 13. Ne5 Nd7 14. Nxd7 Bxd7 15. Qc2 Kh8 16. Nf3 Nf7 17. Qc3 Ng5 18. Ne5 Nf7 19. Nd3 Be8 20. c5 h5 21. b4 h4 22. Rfb1 a6 23. Bf1 Nh6 24. Be2 Qg5 25. Nf4 Qf6 26. gxh4 Qxh4 27. f3 Qf6 28. Nd3 Qg5+ 29. Kf2 Qh4+ 30. Kg1 Rf6 31. Nf4 g5 32. Ng2 Qh5 33. Qe1 Bd7 34. b5 a5 35. f4 Qg6 36. fxg5 Qxg5 37. Qh4 Qxh4 38. Nxh4 Rg8+ 39. Kf2 f4 40. Rg1 fxe3+ 41. Kxe3 Nf5+ 42. Nxf5 Rxf5 43. Rxg8+ Kxg8 44. Rg1+ Kf7 45. Bd3 Rf6 46. h4 Rh6 47. h5 Kf6 48. Be2 Be8 49. b6 Bf7 50. Rf1+ Ke7 51. Bg4 Bg8 52. Rf2 Bh7 53. Re2 Kf6 54. Kf4 Be4 55. Rf2 Rh8 56. Rh2 Rh6 57. Be2 Bf5 58. Rf2 Rh8 59. Rg2 Be4 60. Rg5 Bc2 61. Bg4 Bxa4 62. Rg6+ Kf7 63. Bxe6+ Ke7 64. Bg4 Rh7 65. h6 Bc2 66. Re6+ Kf7 67. Kg5 a4 68. Re5 a3 69. Bh5+ 1-0

[Event "FIDE WSTC Open 50 2025"]
[Site "Prague"]
[Date "2025.02.20"]
[Round "4.21"]
[White "Gronn, Atle"]
[Black "Bischoff, Klaus"]
[Result "1/2-1/2"]
[Annotator "RC"]
[ECO "A05"]
[WhiteElo "2366"]
[BlackElo "2432"]
[PlyCount "133"]
[EventDate "2025.02.17"]
[EventType "team-tourn"]
[EventCountry "CZE"]
[SourceTitle "playchess.com"]
[Source "ChessBase"]
[SourceQuality "1"]
[TimeControl "40/5400+30:1800+30"]

1. Nf3 Nf6 2. c4 d6 3. d4 Nbd7 4. g3 e5 5. Nc3 Be7 6. Bg2 O-O 7. O-O c6 8. e4 Qc7 9. h3 a6 10. Qe2 Re8 11. d5 b5 12. dxc6 Qxc6 13. cxb5 axb5 14. Qxb5 Bb7 15. Rd1 Nc5 16. Qxc6 Bxc6 17. Bg5 Nfxe4 18. Nxe4 Bxe4 19. Bxe7 Rxe7 20. Rxd6 g6 21. Nd2 Bxg2 22. Kxg2 e4 23. b4 Nd3 24. b5 f5 25. a4 Rc7 26. b6 Rc2 27. a5 Rxd2 28. b7 Rf8 29. Rb6 Rxf2+ 30. Kg1 f4 31. gxf4 e3 32. b8=Q Rxb8 33. Rxb8+ Kf7 34. Rb3 Rd2 35. Rxd3 Rxd3 36. Kf1 Rd7 37. Ke2 Ke6 38. a6 Ra7 39. Kxe3 Kd5 40. Ra5+ Kc6 41. Kd4 Kb6 42. Ra3 Rd7+ 43. Ke4 Ka7 44. h4 Rf7 45. Ra5 Rf6 46. Kf3 Rc6 47. Kg4 Rc1 48. h5 Rg1+ 49. Kf3 Rf1+ 50. Kg3 Rh1 51. Kg2 Rh4 52. Kf3 Rh1 53. Re5 gxh5 54. Ra5 h4 55. Kg4 h3 56. Ra2 h5+ 57. Kg3 Rf1 58. Rh2 Kxa6 59. Rxh3 Kb6 60. Rxh5 Kc6 61. Re5 Rg1+ 62. Kf3 Kd6 63. Re2 Rg7 64. f5 Re7 65. Rd2+ Ke5 66. Re2+ Kf6 67. Rxe7 1/2-1/2

[Event "FIDE WSTC Open 50 2025"]
[Site "Prague"]
[Date "2025.02.20"]
[Round "4.22"]
[White "Seul, Georg"]
[Black "Dahl, Fredrik A"]
[Result "1-0"]
[Annotator "ChessBase"]
[ECO "C24"]
[WhiteElo "2329"]
[BlackElo "2198"]
[PlyCount "100"]
[EventDate "2025.02.17"]
[EventType "team-tourn"]
[EventCountry "CZE"]
[SourceTitle "playchess.com"]
[Source "ChessBase"]
[SourceQuality "1"]
[TimeControl "40/5400+30:1800+30"]

1. e4 e5 2. Bc4 Nf6 3. d3 c6 4. Nf3 d5 5. Bb3 Bb4+ 6. Bd2 Bxd2+ 7. Nbxd2 a5 8. a4 Nbd7 9. O-O O-O 10. Re1 Re8 11. d4 exd4 12. exd5 Rxe1+ 13. Nxe1 Nb6 14. dxc6 bxc6 15. Nd3 Bg4 16. Bxf7+ Kf8 17. f3 Qe7 18. Bb3 Qe3+ 19. Kh1 Bf5 20. Nf1 Qe7 21. Ng3 Be6 22. Bxe6 Qxe6 23. Nf4 Qc4 24. b3 Qb4 25. Nge2 Kf7 26. Qxd4 Qxd4 27. Nxd4 c5 28. Nc6 g5 29. Nd3 c4 30. Nce5+ Kg7 31. bxc4 Rc8 32. c5 Nbd7 33. Nxd7 Nxd7 34. Rc1 Nxc5 35. Nxc5 Rxc5 36. c4 Kf6 37. Kg1 Ke5 38. Kf2 Kd4 39. Rd1+ Kxc4 40. Rc1+ Kb4 41. Rxc5 Kxc5 42. g3 Kd4 43. Ke2 h6 44. Kd2 h5 45. h4 gxh4 46. gxh4 Ke5 47. Ke3 Kf5 48. f4 Kg4 49. Ke4 Kxh4 50. f5 Kg5 1-0

[Event "FIDE WSTC Open 50 2025"]
[Site "Prague"]
[Date "2025.02.20"]
[Round "4.23"]
[White "Kirkebo, Carl Peter"]
[Black "Schulz, Klaus-Juergen"]
[Result "0-1"]
[Annotator "RC"]
[ECO "A37"]
[WhiteElo "2148"]
[BlackElo "2345"]
[PlyCount "100"]
[EventDate "2025.02.17"]
[EventType "team-tourn"]
[EventCountry "CZE"]
[SourceTitle "playchess.com"]
[Source "ChessBase"]
[SourceQuality "1"]
[TimeControl "40/5400+30:1800+30"]

1. c4 c5 2. Nf3 Nc6 3. g3 g6 4. Bg2 Bg7 5. Nc3 e5 6. d3 Nge7 7. a3 a5 8. Bd2 O-O 9. O-O d6 10. Rb1 Rb8 11. Ne1 Be6 12. Nc2 d5 13. cxd5 Nxd5 14. Ne4 b6 15. b4 cxb4 16. axb4 axb4 17. Nxb4 Ndxb4 18. Bxb4 Nxb4 19. Rxb4 f5 20. Nd2 e4 21. Nc4 b5 22. Ne3 Qa5 23. Qd2 Rfd8 24. Rd1 Bf8 25. Rbb1 b4 26. Qe1 exd3 27. Rxd3 Bf7 28. Qd2 Rxd3 29. exd3 Qa2 30. Qxa2 Bxa2 31. Bd5+ Bxd5 32. Nxd5 Rd8 33. Nf4 Kf7 34. h4 Bd6 35. Kg2 Bxf4 36. gxf4 Rd4 37. Kf3 Rxd3+ 38. Ke2 Rd4 39. Ke3 Re4+ 40. Kf3 Ke6 41. Rd1 b3 42. Rb1 Rb4 43. Ke3 Kd5 44. Kd3 b2 45. Kc3 Rb7 46. Kd3 Rb3+ 47. Kc2 Kc4 48. Kd2 Rb6 49. Kc2 Rb7 50. Kd2 Kb3 0-1

[Event "FIDE WSTC Open 50 2025"]
[Site "Prague"]
[Date "2025.02.20"]
[Round "4.24"]
[White "Wolf, Volker"]
[Black "Berg, Anders Hoyer"]
[Result "1/2-1/2"]
[Annotator "ChessBase"]
[ECO "A00"]
[WhiteElo "2206"]
[BlackElo "2073"]
[PlyCount "124"]
[EventDate "2025.02.17"]
[EventType "team-tourn"]
[EventCountry "CZE"]
[SourceTitle "playchess.com"]
[Source "ChessBase"]
[SourceQuality "1"]
[TimeControl "40/5400+30:1800+30"]

1. g3 d5 2. Bg2 Nf6 3. d3 c6 4. Nd2 e5 5. e4 Bd6 6. Ngf3 O-O 7. O-O h6 8. Re1 Re8 9. b3 Bg4 10. h3 Bh5 11. Bb2 d4 12. Qc1 Bxf3 13. Nxf3 Nbd7 14. Nh4 Bf8 15. Nf5 Kh7 16. Qd2 g6 17. Nh4 a5 18. a3 b6 19. Bc1 Bg7 20. Qe2 Qe7 21. Nf3 c5 22. a4 Rf8 23. Nd2 Ne8 24. Nc4 Nd6 25. Nxd6 Qxd6 26. h4 Rae8 27. Bh3 h5 28. Rf1 Bh6 29. Bxh6 Kxh6 30. Qd2+ Kg7 31. Rae1 Qe7 32. Re2 Qd6 33. Kh2 Re7 34. f3 f6 35. Ref2 Ref7 36. Kg2 Qe7 37. Qe1 Qd8 38. Qe2 Qe7 39. Bxd7 Qxd7 40. f4 exf4 41. gxf4 Kh6 42. Rh1 Rg8 43. Kf1 Qc6 44. Rg1 Rfg7 45. Rfg2 Qd6 46. Qf3 Qe6 47. Rg3 Qd6 48. Ke2 Qe6 49. Kd1 Qd6 50. Kc1 Qe6 51. Kb2 Qd6 52. Ka2 Qe6 53. Ka1 Qd6 54. Kb2 Qe6 55. R1g2 Qd6 56. Qf2 Qe6 57. Qf1 Qd6 58. Qf3 Qe6 59. f5 Qe5 60. fxg6 Rxg6 61. Rxg6+ Rxg6 62. Rxg6+ Kxg6 1/2-1/2

[Event "FIDE WSTC Open 50 2025"]
[Site "Prague"]
[Date "2025.02.20"]
[Round "4.25"]
[White "Csiszar, Csaba"]
[Black "Plotkin, Victor"]
[Result "1/2-1/2"]
[Annotator "RC"]
[ECO "D02"]
[WhiteElo "2378"]
[BlackElo "2259"]
[PlyCount "108"]
[EventDate "2025.02.17"]
[EventType "team-tourn"]
[EventCountry "CZE"]
[SourceTitle "playchess.com"]
[Source "ChessBase"]
[SourceQuality "1"]
[TimeControl "40/5400+30:1800+30"]

1. d4 d5 2. Nf3 Nf6 3. Bf4 c5 4. e3 Qb6 5. Nc3 Bd7 6. dxc5 Qxc5 7. Be2 e6 8. O-O Be7 9. a4 O-O 10. Ne5 Rc8 11. Bd3 Be8 12. Nb5 Nc6 13. c3 Nxe5 14. Bxe5 Qc6 15. Nd4 Qb6 16. a5 Qd8 17. Qf3 a6 18. Qg3 g6 19. Rfd1 Nd7 20. Bd6 Bh4 21. Qh3 Nc5 22. Be5 Nxd3 23. Rxd3 Bd7 24. Re1 Bf6 25. Bxf6 Qxf6 26. e4 dxe4 27. Rxe4 Rc5 28. b4 Rh5 29. Qf3 Qxf3 30. Nxf3 Bc6 31. Red4 Kf8 32. c4 e5 33. Rd8+ Rxd8 34. Rxd8+ Ke7 35. Rb8 Kd6 36. Rd8+ Kc7 37. Rf8 Rf5 38. Nd2 Rf4 39. Kf1 Kd6 40. f3 Ke7 41. Rb8 Rd4 42. Ke2 Rd8 43. Rxd8 Kxd8 44. Ke3 Ke7 45. h4 h6 46. g3 f5 47. f4 Kf6 48. Nb3 g5 49. hxg5+ hxg5 50. Nc5 exf4+ 51. gxf4 g4 52. Kf2 Ke7 53. b5 axb5 54. cxb5 Bxb5 1/2-1/2

[Event "FIDE WSTC Open 50 2025"]
[Site "Prague"]
[Date "2025.02.20"]
[Round "4.26"]
[White "Cummings, David H."]
[Black "Czebe, Attila"]
[Result "1-0"]
[Annotator "ChessBase"]
[ECO "A21"]
[WhiteElo "2255"]
[BlackElo "2255"]
[PlyCount "89"]
[EventDate "2025.02.17"]
[EventType "team-tourn"]
[EventCountry "CZE"]
[SourceTitle "playchess.com"]
[Source "ChessBase"]
[SourceQuality "1"]
[TimeControl "40/5400+30:1800+30"]

1. c4 e5 2. Nc3 d6 3. Nf3 g6 4. d4 Bg7 5. e4 Nc6 6. Bg5 f6 7. Be3 Nh6 8. h3 Nf7 9. d5 Ne7 10. g4 c5 11. Bd3 h5 12. gxh5 Rxh5 13. h4 Bg4 14. Be2 Qd7 15. Qb3 O-O-O 16. Qa3 Kb8 17. b4 Bh6 18. bxc5 Bxe3 19. fxe3 dxc5 20. Qxc5 Rc8 21. Qb4 Qd6 22. Qb3 Qc5 23. Rb1 Nd6 24. Na4 Qa5+ 25. Nd2 Bd7 26. Bxh5 Rxc4 27. Nb6 axb6 28. Qxb6 Qxb6 29. Rxb6 gxh5 30. Nxc4 Nxc4 31. Rxf6 Nc8 32. Rg1 N8d6 33. Rg5 Nxe4 34. Rf8+ Ka7 35. Rxh5 Bb5 36. Rh7 Nxe3 37. h5 Bd3 38. Re7 Nxd5 39. Rxe5 Nb4 40. h6 Nd6 41. a3 Nc2+ 42. Kd2 Bh7 43. Re7 Bf5 44. Rxf5 Nxf5 45. h7 1-0